 Dungeon Crawl Stone Soup version 0.23.1 (webtiles) character file.

Game seed: 0

8717 blaro the Cleaver (level 11, -1/100 HPs)
             Began as a Minotaur Berserker on Mar 18, 2019.
             Was a High Priest of Trog.
             Slain by a blink frog (3 damage)
             ... on level 2 of the Lair of Beasts on Mar 19, 2019.
             The game lasted 00:29:59 (9257 turns).

blaro the Cleaver (Minotaur Berserker)              Turns: 9257, Time: 00:30:00

Health: -1/100     AC: 20    Str: 26    XL:     11   Next: 13%
Magic:  10/10      EV: 11    Int:  4    God:    Trog [*****.]
Gold:   714        SH:  0    Dex:  9    Spells: 10/10 levels left

rFire    . . .     SeeInvis .   a - +2 war axe
rCold    . . .     Gourm    .   (no shield)
rNeg     . . .     Faith    .   G - +4 chain mail
rPois    .         Spirit   .   (helmet restricted)
rElec    .         Reflect  .   H - +0 cloak
rCorr    .         Harm     .   E - +0 pair of gloves
MR       .....                  u - +1 pair of boots
Stlth    ..........             (no amulet)
HPRegen  0.26/turn              (no ring)
MPRegen  0.12/turn              (no ring)

@: very slow
A: retaliatory headbutt, horns 2
a: Berserk, Trog's Hand, Brothers in Arms, Renounce Religion


You were on level 2 of the Lair of Beasts.
You worshipped Trog.
Trog was extremely pleased with you.
You were hungry.

You visited 3 branches of the dungeon, and saw 12 of its levels.

You collected 714 gold pieces.

Inventory:

Hand Weapons
 a - a +2 war axe (weapon)
Armour
 u - a +1 pair of boots (worn)
 z - a +3 leather armour of poison resistance
 E - a +0 pair of gloves (worn)
 G - a +4 chain mail (worn)
 H - a +0 cloak (worn)
Jewellery
 F - the ring "Ashoeg" {Ice +Blink Str+3 Dex+4}
   (You found it on level 8 of the Dungeon)

   [ring of ice]

   It enhances your ice magic.
   It affects your strength (+3).
   It affects your dexterity (+4).
   It makes you vulnerable to fire.
   It protects you from cold.
   It lets you blink.
 J - a +4 ring of dexterity
 K - a +4 ring of evasion
Wands
 n - a wand of paralysis (6)
 C - a wand of enslavement (8)
Scrolls
 b - a scroll of summoning {unknown}
 d - a scroll of vulnerability {unknown}
 h - 2 scrolls of remove curse
 k - 2 scrolls of fear
 l - 6 scrolls of teleportation
 s - a scroll of immolation {unknown}
 x - 2 scrolls of fog
 y - a scroll of enchant weapon
 A - a scroll of identify
 D - a scroll of magic mapping
 I - a scroll of holy word {unknown}
Potions
 e - 2 potions of haste {unknown}
 f - 2 potions of mutation {unknown}
 g - 4 potions of brilliance {unknown}
 i - 8 potions of curing {unknown}
 j - 2 potions of cancellation {unknown}
 m - a potion of agility {unknown}
 o - 3 potions of invisibility {unknown}
 p - 4 potions of flight {unknown}
 q - 5 potions of heal wounds {unknown}
 r - 2 potions of lignification {unknown}
 t - a potion of might {unknown}
 v - a potion of resistance {unknown}
 B - a potion of magic {unknown}
Miscellaneous
 c - a phantom mirror
Comestibles
 w - 18 rations


   Skills:
 + Level 10.2 Fighting
 + Level 14.1 Axes
 + Level 9.5 Armour
 + Level 6.3 Dodging
 + Level 1.5 Stealth


You had 10 spell levels left.
You didn't know any spells.
Your spell library was empty.

Dungeon Overview and Level Annotations

Branches:
Dungeon (9/15)             Temple (1/1) D:4            Lair (2/6) D:9
 Spider (0/4) Lair:2
  Swamp: Lair:2-4    Shoals: Lair:2-4       Orc: D:9-12

Altars:
Ashenzari
Cheibriados
Dithmenos
Elyvilon
Fedhas
Gozag
Hepliaklqana
Kikubaaqudgha
Makhleb
Nemelex Xobeh
Okawaru
Qazlal
Ru
Trog
Uskayaw
Vehumet
Wu Jian
Xom
Yredelemnul
Zin
The Shining One

Shops:
D:5 %


Innate Abilities, Weirdness & Mutations

You reflexively headbutt those who attack you in melee.
You have a pair of horns on your head.


Message History

* * * LOW HITPOINT WARNING * * *
The blink frog blinks!
You enter the shallow water.
Moving in this stuff is going to be slow.
The blink frog hits you!
* * * LOW HITPOINT WARNING * * *
The blink frog hits you.
* * * LOW HITPOINT WARNING * * *
The blink frog closely misses you. You furiously retaliate!
You headbutt the blink frog.
Your unstable footing causes you to fumble your attack.
The blink frog hits you!
* * * LOW HITPOINT WARNING * * *
The blink frog hits you but does no damage.
The blink frog hits you.
* * * LOW HITPOINT WARNING * * *
The blink frog blinks!
You closely miss the blink frog. Your headbutt misses the blink frog.
The blink frog hits you.
You die...

,*,,,....)..#..P##*,,,,,,,,,,,***
,,,,,.####P#....# *,,,,,,,,,,,,,,
,,,,*,,**###...## *****,,<,,,,,*,
,,,****,* ##..## *## *,,,,,,****
**** *** #....###.# **,,,,,* * **
#.......#* *,,,,,,* * ,***
#...≈≈..####**,,,,,* ,*,**
**##.≈≈F.≈§≈.≈#*,,,,,**
,*,,**##.#.≈.≈≈F@≈.≈##*,..,**
,,,,,,[....≈≈.≈.≈.≈≈≈#....,,*
,,,,,,.....≈≈≈...≈≈≈#.....,,****
,,,***#........>..........,,,*,*
,*** #....≈≈≈...≈≈≈......,,,,,**
** ####.≈≈.≈.≈.≈≈....#.,,,,,,* *
#.≈.≈≈.≈≈.≈...##***,,,,, **
#..≈≈≈.≈≈≈...#.# ***,,, ,*
##..#..#≈.!....# **,,,


You could see 2 blink frogs.

Vanquished Creatures
  A hydra (Lair:1)
  A two-headed ogre (D:9)
  A black mamba (Lair:2)
  A komodo dragon (Lair:1)
  A jumping spider (Lair:2)
  A blink frog (Lair:2)
  2 hippogriffs (Lair:1)
  Sigmund (D:5)
  A redback (Lair:2)
  4 yaks (Lair:1)
  A wyvern (D:8)
  Duvessa (D:5)
  6 porcupines
  2 orc warriors
  2 sky beasts
  2 phantoms
  2 black bears
  5 ice beasts
  3 wolves (D:9)
  2 centaurs
  3 ogres
  9 crocodiles
  5 bullfrogs
  Dowan (D:5)
  6 killer bees (D:9)
  4 howler monkeys
  2 crimson imps
  A bullfrog zombie (D:8)
  2 hounds
  5 jellies
  3 orc priests
  Crazy Yiuf (D:4)
  3 iguanas
  4 orc wizards
  9 worker ants
  A hound skeleton (D:5)
  4 gnolls
  8 adders
  4 shadow imps
  2 oozes
  An adder skeleton (D:4)
  A dart slug (D:1)
  2 leopard geckos
  21 orcs
  6 giant cockroaches
  2 gnoll zombies (D:3)
  11 goblins
  4 hobgoblins
  8 jackals
  3 quokkas
  4 ball pythons
  6 bats
  10 frilled lizards
  8 kobolds
  A leopard gecko skeleton (D:4)
  A quokka zombie (D:8)
  6 rats
  A bush (D:9)
  2 fungi
  4 plants (D:9)
219 creatures vanquished.

Notes
Turn   | Place    | Note
-------+----------+-------------------------------------------
     0 | D:1      | blaro the Minotaur Berserker began the quest for the Orb.
     0 | D:1      | Reached XP level 1. HP: 19/19 MP: 0/0
   263 | D:1      | Reached XP level 2. HP: 24/27 MP: 1/1
   396 | D:1      | Reached skill level 4 in Axes
   769 | D:1      | Reached ** piety under Trog
   769 | D:1      | Reached XP level 3. HP: 3/33 MP: 2/2
  1283 | D:2      | Reached XP level 4. HP: 34/41 MP: 3/3
  1479 | D:2      | Found an ancient bone altar of Kikubaaqudgha.
  1479 | D:2      | Found an opulent altar of Gozag.
  2357 | D:3      | Found a sacrificial altar of Ru.
  2654 | D:3      | Found a basalt altar of Yredelemnul.
  2724 | D:4      | Found a sparkling altar of Nemelex Xobeh.
  2745 | D:4      | Reached skill level 5 in Fighting
  2746 | D:4      | Reached skill level 5 in Axes
  2746 | D:4      | Reached XP level 5. HP: 48/48 MP: 4/4
  2910 | D:4      | Found a staircase to the Ecumenical Temple.
  2919 | Temple   | Entered the Ecumenical Temple
  3093 | D:4      | Noticed an ogre
  3099 | D:4      | Killed an ogre
  3099 | D:4      | Reached XP level 6. HP: 48/56 MP: 5/5
  3109 | D:4      | Found a runed translucent door.
  3110 | D:4      | Noticed Crazy Yiuf
  3486 | D:4      | Reached skill level 6 in Axes
  3770 | D:4      | Killed Crazy Yiuf
  3831 | D:5      | Entered Level 5 of the Dungeon
  3832 | D:5      | Noticed Sigmund
  3849 | D:5      | Killed Sigmund
  3849 | D:5      | Reached *** piety under Trog
  3849 | D:5      | Reached skill level 5 in Armour
  3849 | D:5      | Reached skill level 1 in Stealth
  3849 | D:5      | Reached XP level 7. HP: 50/62 MP: 6/6
  3919 | D:5      | Found a stormy altar of Qazlal.
  3935 | D:5      | Found Fuattudgh's Food Shoppe.
  4248 | D:5      | Noticed Duvessa
  4254 | D:5      | Killed Duvessa
  4254 | D:5      | Reached skill level 7 in Axes
  4259 | D:5      | Noticed Dowan
  4274 | D:5      | Killed Dowan
  4597 | D:5      | Reached XP level 8. HP: 52/71 MP: 7/7
  4674 | D:6      | Reached skill level 8 in Axes
  5062 | D:6      | Found a glowing silver altar of Zin.
  5191 | D:6      | Found a burning altar of Makhleb.
  5313 | D:6      | Reached skill level 9 in Axes
  5323 | D:6      | Found a shadowy altar of Dithmenos.
  6044 | D:7      | Reached **** piety under Trog
  6053 | D:7      | Reached skill level 10 in Axes
  6053 | D:7      | Reached XP level 9. HP: 37/80 MP: 8/8
  6537 | D:8      | Reached skill level 11 in Axes
  6763 | D:8      | Got a translucent brass ring
  6764 | D:8      | Identified the ring "Ashoeg" {Ice +Blink Str+3 Dex+4} (You
                  | found it on level 8 of the Dungeon)
  7030 | D:9      | Reached skill level 5 in Dodging
  7042 | D:9      | Received a gift from Trog
  7339 | D:9      | Noticed a two-headed ogre
  7350 | D:9      | Killed a two-headed ogre
  7350 | D:9      | Reached skill level 12 in Axes
  7350 | D:9      | Reached XP level 10. HP: 28/91 MP: 9/9
  7712 | D:9      | Found a staircase to the Lair.
  7770 | D:9      | Reached skill level 13 in Axes
  7776 | Lair:1   | Entered Level 1 of the Lair of Beasts
  7840 | Lair:1   | Noticed a six-headed hydra
  7856 | Lair:1   | Killed a 14-headed hydra
  8332 | Lair:1   | Reached ***** piety under Trog
  8332 | Lair:1   | Reached skill level 10 in Fighting
  8980 | Lair:2   | Noticed a black mamba
  8982 | Lair:2   | Reached XP level 11. HP: 99/99 MP: 10/10
  8988 | Lair:2   | Reached skill level 14 in Axes
  9205 | Lair:2   | Found a hole to the Spider Nest.
  9256 | Lair:2   | HP: 3/100 [blink frog (9)]
  9256 | Lair:2   | HP: 1/100 [blink frog (2)]
  9257 | Lair:2   | Slain by a blink frog

Skill      XL: |  1  2  3  4  5  6  7  8  9 10 11 |
---------------+----------------------------------+-----
Fighting       | 4 5 6 7 9 10 | 10.2
Axes           | 4 5 6 7 10 12 13 14 | 14.1
Armour         | 3 4 5 6 7 9 |  9.5
Dodging        | 3 4 5 6 |  6.3
Stealth        | 1 |  1.5

Action                   |  1- 3 |  4- 6 |  7- 9 | 10-12 || total
-------------------------+-------+-------+-------+-------++-------
Melee: Hand axe          |    76 |   102 |       |       ||   178
       Headbutt          |     5 |    26 |    42 |    45 ||   118
       War axe           |       |    61 |   231 |   170 ||   462
Invok: Berserk           |       |     2 |     2 |     1 ||     5
  Use: Scroll            |       |       |    14 |     4 ||    18
       Potion            |       |       |     1 |       ||     1
  Eat: Ration            |     1 |     3 |     4 |     1 ||     9
Armor: Animal skin       |     7 |       |       |       ||     7
       Ring mail         |    44 |     3 |       |       ||    47
       Chain mail        |       |    88 |    70 |   115 ||   273
       Leather armour    |       |       |    36 |       ||    36
Dodge: Dodged            |    72 |    80 |   141 |   126 ||   419
